 Dungeon Crawl Stone Soup version 0.23-a0-814-g91b4073 (webtiles) character file.

63848 galech the Cleaver (level 14, 0/111 HPs)
             Began as a Demonspawn Fighter on Jan 21, 2019.
             Was the Champion of Okawaru.
             Slain by a shadow wraith (9 damage)
             ... on level 2 of the Abyss.
             The game lasted 00:31:19 (22445 turns).

galech the Cleaver (Demonspawn Fighter)            Turns: 22445, Time: 00:31:20

Health: 0/111      AC: 25    Str: 17    XL:     14   Next: 69%
Magic:  14/16      EV: 13    Int:  9    God:    Okawaru [******]
Gold:   1708       SH: 22    Dex: 20    Spells: 13/13 levels left

rFire    + . .     SeeInvis .   B - +8 lance "Wyrmbane" {slay drac, rPois rF+ rC+ AC+3}
rCold    + + .     Gourm    .   c - +0 shield
rNeg     . . .     Faith    .   Q - +4 chain mail {rC+}
rPois    +         Spirit   .   L - +0 helmet
rElec    .         Reflect  .   S - scarf {cloud immunity}
rCorr    .         Harm     .   M - +2 pair of gloves
MR       +....                  (boots unavailable)
Stlth    ..........             (no amulet)
HPRegen  0.28/turn              s - +2 ring of dexterity
MPRegen  0.15/turn              O - +3 ring of slaying

@: heroism, berserk cooldown, slowed, drained, very slow
A: talons 3, large bone plates 3, powered by pain 1, spiny 1
a: Heroism, Finesse, Renounce Religion


You were on level 2 of the Abyss.
You worshipped Okawaru.
Okawaru was exalted by your worship.
You were not hungry.

You visited 4 branches of the dungeon, and saw 22 of its levels.
You visited the Abyss 1 time.
You also visited: Ossuary and Volcano.

You collected 1708 gold pieces.

Inventory:

Hand Weapons
 B - the +8 lance "Wyrmbane" (weapon) {slay drac, rPois rF+ rC+ AC+3}
   (You took it off a deep elf annihilator on level 12 of the Dungeon)

   It affects your AC (+3).
   It protects you from fire.
   It protects you from cold.
   It protects you from poison.
 F - a +2 falchion of flaming
Armour
 c - a +0 shield (worn)
 L - a +0 helmet (worn)
 M - a +2 pair of gloves (worn)
 Q - a +4 chain mail of cold resistance (worn)
 S - a scarf of cloud immunity (worn)
 X - the +0 ring mail of Reomi {rElec rCorr}
   (Okawaru gifted it to you on level 4 of the Lair of Beasts)

   It insulates you from electricity.
   It provides partial protection from all sources of acid and corrosion.
Jewellery
 s - a +2 ring of dexterity (left hand)
 D - an uncursed ring of positive energy
 O - a +3 ring of slaying (right hand)
Wands
 a - a wand of scattershot (8)
 g - a wand of enslavement (23)
 r - a wand of polymorph (16)
 u - a wand of paralysis (21)
 w - a wand of flame (56)
 y - a wand of iceblast (14)
 C - a wand of digging (3)
 G - a wand of acid (3)
 R - a wand of random effects (19)
Scrolls
 e - a scroll of blinking
 i - 2 scrolls of random uselessness
 k - 10 scrolls of teleportation
 l - 3 scrolls of immolation
 o - 5 scrolls of fog {unknown}
 q - 6 scrolls of amnesia
 t - 4 scrolls of fear
 v - a scroll of noise {unknown}
 E - 2 scrolls of remove curse
 H - 2 scrolls of holy word
 P - a scroll of enchant armour {unknown}
 T - a scroll of torment {unknown}
 U - a scroll of silence {unknown}
Potions
 b - 3 potions of agility {unknown}
 d - 2 potions of flight {unknown}
 h - 3 potions of mutation {unknown}
 j - a potion of ambrosia {unknown}
 m - 3 potions of heal wounds {unknown}
 n - 3 potions of magic {unknown}
 p - 2 potions of berserk rage
 x - a potion of curing
 z - 2 potions of cancellation {unknown}
 A - a potion of invisibility {unknown}
 J - a potion of degeneration {unknown}
 N - a potion of haste {unknown}
Comestibles
 f - 46 rations
 I - a chunk of flesh


   Skills:
 + Level 10.6(14.9) Fighting
 + Level 2.1(6.5) Long Blades
   Level 13.5(18.7) Axes
 + Level 9.4(16.8) Polearms
 + Level 8.8(13.2) Armour
 + Level 4.0(8.4) Dodging
 + Level 1.5(5.9) Stealth
 + Level 11.8(16.0) Shields
 + Level 2.9(2.4) Invocations


You had 13 spell levels left.
You didn't know any spells.
Your spell library contained the following spells:

 Spells                   Type           Power        Failure   Level  Hunger
 Corona                   Hex            #......      97%         1    ##.....
 Freeze                   Ice            #...         97%         1    ##.....
 Magic Dart               Conj           #...         97%         1    ##.....
 Blink                    Tloc           N/A          99%         2    ###....
 Call Imp                 Summ           #.......     99%         2    ###....
 Ensorcelled Hibernation  Hex/Ice        #.....       99%         2    ###....
 Slow                     Hex            #.......     99%         2    ###....
 Sublimation of Blood     Necr           #.........   99%         2    ###....
 Throw Frost              Conj/Ice       #.....       99%         2    ###....
 Confuse                  Hex            #.......     100%        3    ####...
 Conjure Flame            Conj/Fire      #.......     100%        3    ####...
 Dazzling Spray           Conj/Hex       #.....       100%        3    ####...
 Ignite Poison            Fire/Tmut/Pois #.......     100%        3    ####...
 Mephitic Cloud           Conj/Pois/Air  #.......     100%        3    ####...
 Ozocubu's Armour         Chrm/Ice       #.......     100%        3    ####...
 Tukima's Dance           Hex            #.......     100%        3    ####...
 Petrify                  Tmut/Erth      #.......     100%        4    #####..
 Summon Ice Beast         Ice/Summ       #.......     100%        4    #####..
 Throw Icicle             Conj/Ice       #.......     100%        4    #####..
 Alistair's Intoxication  Tmut/Pois      #.......     100%        5    ######.
 Irradiate                Conj/Tmut      #.........   100%        5    ######.


Dungeon Overview and Level Annotations

Branches:
Dungeon (13/15)            Temple (1/1) D:4            Lair (6/6) D:9
  Swamp (0/4) Lair:4       Spider (0/4) Lair:2        Slime (0/5) Lair:5
    Orc (2/2) D:9             Elf (0/3) Orc:2
 Vaults: D:13-14

Altars:
Ashenzari
Cheibriados
Dithmenos
Elyvilon
Fedhas
Gozag
Hepliaklqana
Kikubaaqudgha
Makhleb
Nemelex Xobeh
Okawaru
Qazlal
Ru
Sif Muna
Trog
Uskayaw
Vehumet
Wu Jian
Xom
Yredelemnul
Zin
The Shining One
Beogh
Jiyva

Shops:
D:5 *   D:10 *   D:11 ?   Orc:2 **:[(


Innate Abilities, Weirdness & Mutations

You have claws for feet.
You are completely covered in large bone plates. (SH +8)
You sometimes gain a little power by taking damage.
You are partially covered in sharp spines.


Message History

You block the raiju's attack.
You puncture the raiju! You claw the raiju.
The raiju is almost dead.
You hear a bark! x4
You impale the raiju!!
You kill the raiju!
Okawaru accepts your kill.
You start resting.
Something hits you but does no damage.
Deactivating autopickup; reactivate with Ctrl-A.
You start resting.
Something hits you!!
* * * LOW HITPOINT WARNING * * *
You block something's attack.
You hear a bark!
You puncture something! You claw something!
You hear a bark! x2
You hit something. Your kick misses something. Something hits you!
* * * LOW HITPOINT WARNING * * *
You gain the combat prowess of a mighty hero.
Something hits you!
You die...

# .. .# . #. #
. # #. . . . ..
## # h. .. ##
.. . # #.. #
#####. # #
.#..†h# .
#h##h...# # .
#@#..###h#.
......÷.{.##
.#......#.... .
.##...........#
. .#.......
#..#. .
.......#.. #.#.
........## #..
....... .#


You could see a raiju.

Vanquished Creatures
  An Executioner (Abyss:2)
  An iron dragon (D:12)
  An orc warlord (Orc:1)
  2 stone giants (Orc:1)
  A deep elf annihilator (D:12)
  Azrael (D:12)
  Snorg (D:11)
  6 hydras
  Erolcha (D:10)
  5 two-headed ogres
  A death yak (D:9)
  A vampire mage (Abyss:2)
  Urug (D:11)
  An orc high priest (Orc:2)
  Sonja (Lair:4)
  3 large abominations (Abyss:2)
  An unseen horror (D:10)
  4 orc knights
  Pikel (D:4)
  A phantasmal warrior (D:12)
  An oklob plant (Lair:1)
  3 ugly things
  3 orc sorcerers (Orc:2)
  A cyclops (D:12)
  4 elephants (Lair:5)
  9 spiny frogs
  A gargoyle (D:11)
  3 rime drakes
  3 komodo dragons
  2 trolls
  A meliai (shapeshifter) (D:12)
  A hornet (D:10)
  5 raiju (Abyss:2)
  13 dream sheep
  17 blink frogs
  6 hippogriffs
  2 basilisks (D:9)
  2 wraiths
  3 wyverns
  44 yaks
  Eustachio (D:5)
  2 fire elementals (D:12)
  A vampire mosquito (D:12)
  5 hungry ghosts
  An acid dragon (Lair:6)
  A warg (Orc:1)
  8 water moccasins
  4 hell hounds (D:12)
  7 porcupines
  4 ice beasts
  31 orc warriors
  A swamp drake (Lair:6)
  6 black bears
  2 slaves (D:4)
  A sky beast (D:8)
  6 wolves (Lair:4)
  5 phantoms
  8 ogres
  6 centaurs
  3 crocodiles
  4 big kobolds
  An elf zombie (Ossuary)
  16 bullfrogs
  A water moccasin zombie (D:4)
  2 scorpions
  3 troll zombies (D:9)
  5 wights (D:12)
  7 centaur zombies
  3 bullfrog zombies
  9 crimson imps
  3 jellies
  10 hounds
  22 orc priests
  2 human zombies (Ossuary)
  A bullfrog skeleton (D:6)
  3 centaur skeletons
  4 iguanas
  9 worker ants
  31 orc wizards
  A killer bee zombie (D:9)
  A big kobold zombie (Ossuary)
  4 ogre zombies (D:9)
  A hound skeleton (D:9)
  A hound zombie (Ossuary)
  3 mummies (Ossuary)
  3 worker ant zombies
  2 howler monkey skeletons
  9 adders
  3 gnolls (D:6)
  A shadow imp (D:12)
  3 oozes
  4 adder zombies
  4 adder skeletons
  6 worms
  3 dart slugs
  6 leopard geckos
  88 orcs
  4 ball pythons
  9 giant cockroaches
  A gnoll zombie (Ossuary)
  9 hobgoblins
  6 jackals
  7 quokkas
  8 bats
  3 frilled lizards
  7 goblins
  A goblin skeleton (D:9)
  4 goblin zombies
  A hobgoblin skeleton (D:9)
  6 hobgoblin zombies
  A jackal skeleton (D:5)
  3 jackal zombies (Ossuary)
  10 kobolds
  4 kobold zombies (Ossuary)
  3 orc skeletons (D:9)
  20 orc zombies
  2 quokka zombies (Ossuary)
  6 rats
  3 rat zombies (Ossuary)
  A fungus (D:8)
660 creatures vanquished.

Vanquished Creatures (others)
  An orc (D:5)
  4 fungi
  3 plants
8 creatures vanquished.

Grand Total: 668 creatures vanquished

Notes
Turn   | Place    | Note
-------+----------+-------------------------------------------
     0 | D:1      | galech the Demonspawn Fighter began the quest for the Orb.
     0 | D:1      | Reached XP level 1. HP: 18/18 MP: 1/1
   131 | D:1      | Reached skill level 2 in Axes
   131 | D:1      | Gained mutation: You are partially covered in large bone
                  | plates. (SH +4) [demonic ancestry]
   131 | D:1      | Reached XP level 2. HP: 16/24 MP: 2/2
   807 | D:1      | Gained mutation: You have sharp toenails. [demonic
                  | ancestry]
   807 | D:1      | Reached XP level 3. HP: 27/29 MP: 3/3
  1432 | D:3      | Found a shimmering altar of Xom.
  1432 | D:3      | Found a shimmering altar of Xom.
  1432 | D:3      | Found a shimmering altar of Xom.
  1434 | D:3      | Found a shimmering altar of Xom.
  1436 | D:3      | Found a shimmering altar of Xom.
  1437 | D:3      | Found a shimmering altar of Xom.
  1437 | D:3      | Found a shimmering altar of Xom.
  1468 | D:3      | Reached XP level 4. HP: 32/35 MP: 4/4
  1669 | D:3      | Reached skill level 3 in Axes
  2285 | D:4      | Gained mutation: You have razor-sharp toenails. [demonic
                  | ancestry]
  2285 | D:4      | Reached XP level 5. HP: 32/41 MP: 5/5
  2394 | D:4      | Reached skill level 4 in Axes
  2403 | D:4      | Reached XP level 6. HP: 36/47 MP: 6/6
  2580 | D:4      | Reached skill level 1 in Dodging
  2598 | D:4      | Reached skill level 5 in Axes
  2862 | D:4      | Found a staircase to the Ecumenical Temple.
  2868 | Temple   | Entered the Ecumenical Temple
  3100 | D:5      | Entered Level 5 of the Dungeon
  3146 | D:5      | Gained mutation: You sometimes gain a little power by
                  | taking damage. [demonic ancestry]
  3146 | D:5      | Reached XP level 7. HP: 41/53 MP: 7/7
  3293 | D:5      | Noticed Eustachio
  3315 | D:5      | Killed Eustachio
  3610 | D:5      | Reached skill level 6 in Axes
  3801 | D:5      | Noticed Pikel
  4084 | D:4      | Killed Pikel
  4084 | D:4      | Reached XP level 8. HP: 32/61 MP: 8/8
  4227 | D:5      | Reached skill level 5 in Shields
  4449 | D:5      | Found a sparkling altar of Nemelex Xobeh.
  4480 | D:5      | Found an opulent altar of Gozag.
  4480 | D:5      | Found Gozag's Platinum Reserve.
  4621 | D:6      | Reached skill level 7 in Axes
  4749 | D:5      | Reached skill level 5 in Fighting
  4870 | D:6      | Gained mutation: You are mostly covered in large bone
                  | plates. (SH +6) [demonic ancestry]
  4870 | D:6      | Reached XP level 9. HP: 68/68 MP: 9/9
  5145 | D:6      | Found a sacrificial altar of Ru.
  5611 | D:7      | Reached skill level 8 in Axes
  5659 | D:7      | Found a sand-covered staircase.
  5664 | Ossuary  | Entered an ossuary
  5673 | Ossuary  | Reached skill level 5 in Armour
  6124 | D:7      | Found a hide-covered altar of Uskayaw.
  6143 | D:7      | Found a bloodstained altar of Trog.
  6635 | D:7      | Reached skill level 9 in Axes
  6903 | D:8      | Found a blossoming altar of Fedhas.
  7120 | D:8      | Noticed a two-headed ogre
  7125 | D:8      | Killed a two-headed ogre
  7125 | D:8      | Reached XP level 10. HP: 52/77 MP: 10/10
  7353 | D:8      | Found an iron altar of Okawaru.
  7369 | D:8      | Became a worshipper of Warmaster Okawaru
  7388 | D:8      | Found a basalt altar of Yredelemnul.
  7569 | D:8      | Reached skill level 10 in Axes
  7709 | D:8      | Reached * piety under Okawaru
  7856 | D:8      | Noticed a three-headed hydra
  7862 | D:8      | Killed a one-headed hydra
  7862 | D:8      | Reached ** piety under Okawaru
  8192 | D:9      | Found a shadowy altar of Dithmenos.
  8192 | D:9      | Noticed a two-headed ogre
  8212 | D:8      | Killed a two-headed ogre
  8212 | D:8      | Reached skill level 11 in Axes
  8461 | D:9      | Reached XP level 11. HP: 73/83 MP: 11/11
  8505 | D:9      | Reached *** piety under Okawaru
  8641 | D:9      | Noticed a death yak
  8675 | D:9      | Killed a death yak
  8698 | D:9      | Reached skill level 1 in Invocations
  8702 | D:9      | Found a staircase to the Lair.
  9164 | D:9      | Found a staircase to the Orcish Mines.
  9292 | D:9      | Reached **** piety under Okawaru
  9636 | D:10     | Entered Level 10 of the Dungeon
  9702 | D:10     | Noticed Erolcha
  9710 | D:10     | Killed Erolcha
 10241 | D:10     | Noticed a two-headed ogre
 10254 | D:10     | Killed a two-headed ogre
 10594 | D:10     | Found Bakih's Assorted Antiques.
 10684 | D:10     | Killed an unseen horror
 11498 | D:11     | Noticed a white ugly thing
 11508 | D:11     | Killed a white ugly thing
 11508 | D:11     | Reached skill level 12 in Axes
 11549 | D:11     | Noticed Snorg
 11563 | D:11     | Killed Snorg
 11800 | D:11     | Found Doas's Magic Scroll Shop.
 11803 | D:11     | Noticed Urug
 11813 | D:11     | Killed Urug
 11813 | D:11     | Reached ***** piety under Okawaru
 11813 | D:11     | Gained mutation: You are partially covered in sharp spines.
                  | [demonic ancestry]
 11813 | D:11     | Reached XP level 12. HP: 76/93 MP: 10/13
 12174 | D:12     | Noticed a two-headed ogre
 12181 | D:12     | Killed a two-headed ogre
 12231 | D:12     | Noticed a tengu warrior
 12231 | D:12     | Noticed an eight-headed hydra
 12232 | D:12     | Noticed a deep elf annihilator
 12262 | D:13     | Received a gift from Okawaru
 12263 | D:13     | Noticed a two-headed ogre
 12277 | D:13     | Killed a two-headed ogre
 12277 | D:13     | Reached skill level 1 in Stealth
 12596 | D:12     | Noticed Azrael
 12623 | D:12     | Killed Azrael
 12623 | D:12     | Reached skill level 13 in Axes
 12849 | D:12     | Noticed an iron dragon
 12870 | D:12     | Killed an iron dragon
 13503 | D:12     | HP: 1/95 [deep elf annihilator/crystal spear (73)]
 13504 | D:12     | Killed a deep elf annihilator
 14016 | D:12     | Killed a one-headed hydra
 14016 | D:12     | Received a gift from Okawaru
 14368 | Orc:1    | Entered Level 1 of the Orcish Mines
 14386 | D:9      | Reached skill level 10 in Shields
 14685 | Orc:1    | Found a roughly hewn altar of Beogh.
 14755 | Orc:1    | Reached skill level 1 in Polearms
 14891 | Orc:1    | Noticed a stone giant
 14921 | Orc:1    | Killed a stone giant
 14921 | Orc:1    | Gained mutation: You have claws for feet. [demonic
                  | ancestry]
 14921 | Orc:1    | Reached XP level 13. HP: 78/101 MP: 14/14
 15226 | Orc:2    | Entered Level 2 of the Orcish Mines
 15229 | Orc:2    | Noticed a stone giant
 15437 | Orc:1    | Killed a stone giant
 15606 | Orc:2    | Reached ****** piety under Okawaru
 16169 | Orc:2    | Received a gift from Okawaru
 16223 | Orc:2    | Found a roughly hewn altar of Beogh.
 16405 | Orc:2    | Noticed an orc warlord
 16710 | Orc:1    | Killed an orc warlord
 16905 | Orc:1    | Reached skill level 5 in Polearms
 17010 | Orc:2    | Found Oskanlae's Book Shop.
 17017 | Orc:2    | Found Mur Ypsipsi's Antique Armour Shop.
 17149 | Orc:2    | Found Ducwato's General Store.
 17163 | Orc:2    | Found Booqah's Antique Weapon Shop.
 17379 | Orc:2    | Found a staircase to the Elven Halls.
 17408 | Orc:2    | Found Zaphifev's Mass Market.
 17595 | Lair:1   | Entered Level 1 of the Lair of Beasts
 18037 | Lair:1   | Reached skill level 10 in Fighting
 18678 | Lair:2   | Found a hole to the Spider Nest.
 19524 | Lair:3   | Gained mutation: You are completely covered in large bone
                  | plates. (SH +8) [demonic ancestry]
 19524 | Lair:3   | Reached XP level 14. HP: 37/110 MP: 12/15
 19842 | Lair:3   | Reached skill level 1 in Long Blades
 20402 | Lair:4   | Found a staircase to the Swamp.
 20629 | Lair:4   | Noticed Sonja
 20637 | Lair:4   | Killed Sonja
 20645 | Lair:4   | Received a gift from Okawaru
 20648 | Lair:4   | Got a polished ring mail {god gift}
 20659 | Lair:4   | Identified the +0 ring mail of Reomi {rElec rCorr} (Okawaru
                  | gifted it to you on level 4 of the Lair of Beasts)
 21555 | Lair:5   | Found a viscous altar of Jiyva.
 21555 | Lair:5   | Found a staircase to the Slime Pits.
 22074 | Lair:6   | Entered Level 6 of the Lair of Beasts
 22182 | Lair:6   | Found a dark tunnel.
 22198 | Volcano  | Entered a volcano
 22227 | Volcano  | Cast into level 2 of the Abyss (a wizard)
 22237 | Abyss:2  | Found a corrupted altar of Lugonu.
 22302 | Abyss:2  | Noticed an Executioner
 22316 | Abyss:2  | Killed an Executioner
 22445 | Abyss:2  | Slain by a shadow wraith

Vault maps used:
D:1:      dpeg_arrival_rooms_c, supply_closet_lemuel
D:3:      xom_redecorated, first_ration
D:4:      temple_green
D:5:      nicolae_gozag_zags_fifth_avenue, marbit_many_paths, uniq_pikel,
          uniq_eustachio
D:6:      nicolae_overflow_crystal_walls
D:7:      old_standard_altar, overflow_temple_1_default,
          nicolae_ossuary_entry_false_entrances
D:8:      overflow_temple_1_default, fedhas_altar_3, old_standard_altar,
          hangedman_ranch, minmay_increasing_density
D:9:      nicolae_dithmenos_shadow_blocks, david_lair_generic, zombieorc2_lemuel
D:10:     serial_shops, shop, uniq_erolcha
D:11:     serial_shops, nicolae_shop_behind_doors, uniq_snorg, uniq_urug
D:12:     minmay_checkered_concentric_circles, uniq_azrael
D:13:     ximxim_vaults_locker_room
Temple:   nicolae_temple_x_marks_the_god
Lair:1:   st_stairs_10, beast_lair_carwin_2, minmay_lair_oklob_chamber,
          serial_bayou_shore_b, grunt_megastairs_5
Lair:2:   nicolae_spider_entry_non_spiders
Lair:3:   serial_bayou_shore_a
Lair:4:   swamp_mist, chequers_serial_rivers_large_a, uniq_sonja
Lair:5:   slime_altar_1, chequers_serial_rivers_micro_b
Lair:6:   hangedman_lair_tendril_chambers, guppyfry_lair_end_dragon,
          enter_volcano_1, chequers_serial_rivers_small_3, wad_woods_road_03,
          st_stairs_5, guppyfry_lair_drakes
Orc:1:    basic_altar, rock_pile
Orc:2:    grunt_orc_cross, minmay_shop_mass
Ossuary:  minmay_ossuary_two_tombs
Volcano:  volcano_bunker

Skill      XL: |  1  2  3  4  5  6  7  8  9 10 11 12 13 14 |
---------------+-------------------------------------------+-----
Axes           | 2 3 4 5 6 7 9 11 12 13 | 13.5
Armour         | 3 4 5 6 7 8 |  8.8
Shields        | 3 4 5 6 7 9 10 11 | 11.8
Dodging        | 1 2 3 4 |  4.0
Fighting       | 4 5 6 8 9 10 | 10.6
Invocations    | 2 |  2.9
Stealth        | 1 |  1.5
Polearms       | 1 7 9 |  9.4
Long Blades    | 2 |  2.1

Action                   |  1- 3 |  4- 6 |  7- 9 | 10-12 | 13-15 || total
-------------------------+-------+-------+-------+-------+-------++-------
Melee: War axe           |   168 |   144 |   488 |   290 |       ||  1090
       Kick              |       |    26 |   181 |   301 |   356 ||   864
       Falchion          |       |       |       |    14 |    17 ||    31
       Hand axe          |       |       |       |   288 |       ||   288
       Broad axe         |       |       |       |   150 |       ||   150
       Lance             |       |       |       |   107 |   921 ||  1028
Invok: Heroism           |       |       |       |    13 |     7 ||    20
Evoke: Wand              |       |       |       |       |     2 ||     2
  Use: Potion            |       |     1 |       |       |     4 ||     5
       Scroll            |       |       |     6 |     5 |     5 ||    16
  Eat: Chunk             |     2 |     6 |    16 |    32 |    24 ||    80
       Ration            |       |       |       |     1 |       ||     1
Armor: Scale mail        |    45 |       |       |       |       ||    45
       Chain mail        |    56 |    56 |    64 |    85 |   161 ||   422
       Plate armour      |       |       |   144 |   141 |       ||   285
Dodge: Dodged            |    34 |    17 |    62 |   128 |   111 ||   352
Block: Shield            |   143 |    92 |   347 |   617 |   511 ||  1710
       Rpst.: Falchion   |       |       |       |       |     2 ||     2

Table legend:
 A = Non-vault XP
 B = Vault XP
 C = Vault XP percentage of total XP
 D = Non-vault monster count
 E = Vault monster count
 F = Vault count percentage of total count
                 A         B        C        D         E       F
            +---------+---------+-------+---------+---------+-------
      Total |   61368 |   29844 |  32.7 |     480 |     177 |  26.9
            +---------+---------+-------+---------+---------+-------
        D:1 |      47 |       0 |   0.0 |      25 |       0 |   0.0
        D:2 |      33 |       0 |   0.0 |      14 |       0 |   0.0
        D:3 |      53 |       0 |   0.0 |      20 |       0 |   0.0
        D:4 |     577 |     607 |  51.3 |      18 |       1 |   5.3
        D:5 |     706 |     197 |  21.8 |      23 |       2 |   8.0
        D:6 |     936 |       0 |   0.0 |      21 |       0 |   0.0
        D:7 |     956 |       0 |   0.0 |      30 |       0 |   0.0
        D:8 |    3655 |    2600 |  41.6 |      43 |      11 |  20.4
        D:9 |    1562 |    2219 |  58.7 |      36 |      39 |  52.0
       D:10 |    3211 |    1018 |  24.1 |      27 |       1 |   3.6
       D:11 |    2089 |    1999 |  48.9 |      20 |       2 |   9.1
       D:12 |    4782 |    7267 |  60.3 |      23 |      14 |  37.8
       D:13 |    1417 |     562 |  28.4 |       3 |       1 |  25.0
     Lair:1 |    4011 |    3396 |  45.8 |      17 |      13 |  43.3
     Lair:2 |    4201 |     131 |   3.0 |      16 |       8 |  33.3
     Lair:3 |    3920 |       0 |   0.0 |      14 |       0 |   0.0
     Lair:4 |    8089 |     820 |   9.2 |      37 |       1 |   2.6
     Lair:5 |    6053 |       0 |   0.0 |      22 |       0 |   0.0
     Lair:6 |    2261 |     638 |  22.0 |       7 |       3 |  30.0
      Orc:1 |    5696 |    4239 |  42.7 |      38 |      21 |  35.6
      Orc:2 |    1233 |    3648 |  74.7 |      16 |      23 |  59.0
    Abyss:2 |    5880 |       0 |   0.0 |      10 |       0 |   0.0
    Ossuary |       0 |     503 | 100.0 |       0 |      37 | 100.0
            +---------+---------+-------+---------+---------+-------
